 Dungeon Crawl Stone Soup version 0.23.2-40-g277498a001 (webtiles) character file.

Game seed: 3827500558874118355

4089 Descartes the Cleaver (level 10, 0/77 HPs)
             Began as a Formicid Fighter on Oct 16, 2019.
             Slain by Prince Ribbit (8 damage)
             ... on level 8 of the Dungeon.
             The game lasted 00:29:50 (8862 turns).

Descartes the Cleaver (Formicid Fighter)            Turns: 8862, Time: 00:29:51

Health: 0/77       AC:  8    Str: 20    XL:     10   Next: 50%
Magic:  10/10      EV: 14    Int: 12    God:
Gold:   185        SH: 12    Dex: 13    Spells: 8/9 levels left

rFire    + . .     SeeInvis +   q - +5 hand axe
rCold    x . .     Gourm    .   c - +1 shield
rNeg     . . .     Faith    .   B - +2 leather armour "Ygux" {Dex+3}
rPois    .         Spirit   .   (helmet unavailable)
rElec    .         Reflect  .   s - +0 cloak
rCorr    .         Harm     .   i - +0 pair of gloves
MR       +....                  (no boots)
Stlth    +++.......             (no amulet)
HPRegen  0.22/turn              k - ring of fire
MPRegen  0.12/turn              I - ring of stealth

@: no status effects
A: permanent stasis, dig shafts and tunnels, four strong arms, antennae 3
a: Dig, Shaft Self


You were on level 8 of the Dungeon.
You were not hungry.

You visited 2 branches of the dungeon, and saw 9 of its levels.
You also visited: Ossuary.

You collected 463 gold pieces.
You spent 278 gold pieces at shops.

Inventory:

Hand Weapons
 a - a +0 war axe
 q - a +5 hand axe (weapon)
 E - a +4 quarterstaff of chaos
 H - a +1 dire flail
Missiles
 y - 2 tomahawks (quivered)
Armour
 c - a +1 shield (worn)
 i - a +0 pair of gloves (worn)
 n - a +2 buckler
 o - a +0 plate armour
 s - a +0 cloak (worn)
 B - the +2 leather armour "Ygux" (worn) {Dex+3}
   (You bought it in a shop on level 6 of the Dungeon)

   It affects your dexterity (+3).
 F - the +0 robe of Nuvvireo {+Inv rN++ Dex+2}
   (You found it on level 7 of the Dungeon)

   It affects your dexterity (+2).
   It greatly protects you from negative energy.
   It lets you turn invisible.
 G - a +0 ring mail of positive energy
Jewellery
 k - a ring of fire (left hand)
 I - a ring of stealth (right hand)
Wands
 r - a wand of paralysis (5)
 x - a wand of digging (8)
 D - a wand of scattershot (3)
Scrolls
 b - a scroll of magic mapping
 g - 4 scrolls of enchant weapon
 h - 2 scrolls of identify
 j - a scroll of fear {unknown}
 l - a scroll of enchant armour
 p - 2 scrolls of immolation
 t - 4 scrolls of fog
 u - a scroll of summoning
 v - 3 scrolls of amnesia
Potions
 d - a potion of might
 e - 4 potions of curing
 m - 2 potions of cancellation
 w - 3 potions of heal wounds
 z - a potion of brilliance
 A - 2 potions of flight
 C - 2 potions of agility
Comestibles
 f - 11 rations
 J - 6 chunks of flesh


   Skills:
 + Level 6.7 Fighting
 + Level 9.1 Axes
 + Level 5.8 Armour
 + Level 4.5 Dodging
 + Level 4.4 Stealth
 + Level 8.9 Shields


You had 8 spell levels left.
You knew the following spells:

 Your Spells              Type           Power        Failure   Level  Hunger
a - Magic Dart            Conj           #...         36%         1    ##.....

Your spell library contained the following spells:

 Spells                   Type           Power        Failure   Level  Hunger
 Searing Ray              Conj           #.....       50%         2    ###....
 Dazzling Spray           Conj/Hex       #.....       75%         3    ####...
 Force Lance              Conj/Tloc      #.......     98%         4    #####..
 Fulminant Prism          Conj/Hex       #.........   98%         4    #####..
 Iskenderun's Mystic Bla  Conj           #.......     98%         4    #####..


Dungeon Overview and Level Annotations

Branches:
Dungeon (8/15)             Temple (1/1) D:7
   Lair: D:8-11

Altars:
Ashenzari
Cheibriados
Dithmenos
Elyvilon
Fedhas
Gozag
Hepliaklqana
Kikubaaqudgha
Makhleb
Nemelex Xobeh
Okawaru
Qazlal
Ru
Sif Muna
Uskayaw
Vehumet
Wu Jian
Xom
Yredelemnul
Zin
The Shining One

Shops:
D:5 }   D:6 [:[?*

Annotations:
D:8 Prince Ribbit


Innate Abilities, Weirdness & Mutations

You cannot be hasted, slowed, berserked, paralysed or teleported.
You can dig through walls and to a lower floor.
Your four strong arms can wield two-handed weapons with a shield.
You have a pair of large antennae on your head. (SInv)


Message History

The howler monkey zombie is almost destroyed.
The howler monkey zombie barely misses you.
You slash the howler monkey zombie!
You destroy the howler monkey zombie!
Things that are here:
a +2 scimitar of flaming; a +0 robe A crocodile comes into view.
Prince Ribbit blinks!
Prince Ribbit lets out a mournful croak.
You closely miss Prince Ribbit.
Prince Ribbit is moderately wounded.
You block Prince Ribbit's attack.
You completely miss Prince Ribbit.
Prince Ribbit is moderately wounded.
Prince Ribbit hits you.
* * * LOW HITPOINT WARNING * * *
You slash Prince Ribbit!
Prince Ribbit is heavily wounded.
Prince Ribbit hits you!
You die...

##.........
#..........
#.........#
###...).....#
...........#
#.........#
#.........#####
##.........@)..##
##...)รท....F###..###
##...........# ##...#
#............# ###.#
#............### ..
#......).........{
...
#.................
...
##.................
..
...........#...>... >


You could see Prince Ribbit.

Vanquished Creatures
  Erica (D:8)
  A hornet (D:7)
  Sigmund (D:4)
  Eustachio (D:4)
  Menkaure (D:4)
  Duvessa (D:6)
  An ice beast (D:6)
  A phantom (D:4)
  An orc warrior (D:7)
  An ogre (D:5)
  2 centaurs
  Blork the orc (D:4)
  2 elf zombies (Ossuary)
  A bullfrog (D:7)
  A gnoll sergeant (D:7)
  3 scorpions
  Dowan (D:6)
  5 wights (D:6)
  An electric eel (D:7)
  2 howler monkeys (D:6)
  4 crimson imps
  3 centaur zombies (Ossuary)
  2 hounds (D:6)
  4 orc priests
  Crazy Yiuf (D:5)
  Terence (D:2)
  A centaur skeleton (D:5)
  3 iguanas
  A human zombie (Ossuary)
  8 orc wizards
  5 worker ants
  2 big kobold zombies (Ossuary)
  2 hound zombies (D:5)
  A hound skeleton (D:5)
  2 mummies (Ossuary)
  A worker ant zombie (D:7)
  A howler monkey zombie (D:8)
  4 gnolls
  4 adders
  10 river rats (D:6)
  2 adder skeletons
  2 adder zombies
  4 worms
  A dart slug (D:1)
  5 leopard geckos
  22 orcs
  6 ball pythons
  4 bats
  4 giant cockroaches
  9 goblins
  3 hobgoblins
  4 jackals (D:8)
  5 kobolds
  10 quokkas
  5 frilled lizards
  A goblin skeleton (D:5)
  A goblin zombie (Ossuary)
  12 hobgoblin zombies
  A kobold skeleton (D:5)
  12 kobold zombies (Ossuary)
  A leopard gecko skeleton (D:6)
  An orc skeleton (D:5)
  4 orc zombies (Ossuary)
  A quokka skeleton (D:7)
  A quokka zombie (D:6)
  24 rats
  A rat zombie (Ossuary)
  A spectral orc (D:3)
236 creatures vanquished.

Notes
Turn   | Place    | Note
-------+----------+-------------------------------------------
     0 | D:1      | Descartes the Formicid Fighter began the quest for the Orb.
     0 | D:1      | Reached XP level 1. HP: 18/18 MP: 1/1
    55 | D:1      | Reached XP level 2. HP: 11/24 MP: 2/2
   484 | D:1      | Reached XP level 3. HP: 29/29 MP: 3/3
  1148 | D:2      | Found a faded altar of an unknown god.
  1257 | D:2      | Reached XP level 4. HP: 37/37 MP: 4/4
  1346 | D:2      | Noticed Terence
  1352 | D:2      | Killed Terence
  1352 | D:2      | Reached skill level 3 in Axes
  1471 | D:2      | Found a glowing silver altar of Zin.
  1572 | D:2      | Reached XP level 5. HP: 40/42 MP: 5/5
  1655 | D:2      | Found an opulent altar of Gozag.
  1836 | D:3      | Found a shattered altar of Ashenzari.
  2139 | D:3      | Found a basalt altar of Yredelemnul.
  2178 | D:3      | Found a sparkling altar of Nemelex Xobeh.
  2198 | D:3      | Reached skill level 1 in Dodging
  2247 | D:3      | Found an iron altar of Okawaru.
  2663 | D:4      | Noticed Eustachio
  2736 | D:4      | Killed Eustachio
  2736 | D:4      | Reached skill level 4 in Axes
  2736 | D:4      | Reached skill level 5 in Shields
  2736 | D:4      | Reached XP level 6. HP: 48/48 MP: 6/6
  2957 | D:4      | Noticed a phantom
  2976 | D:4      | Killed a phantom
  2976 | D:4      | Reached skill level 1 in Stealth
  2976 | D:4      | Reached XP level 7. HP: 49/54 MP: 7/7
  2989 | D:4      | Noticed Sigmund
  3013 | D:4      | Killed Sigmund
  3013 | D:4      | Reached skill level 5 in Axes
  3203 | D:4      | Noticed Blork the orc
  3222 | D:4      | Killed Blork the orc
  3360 | D:4      | Noticed Menkaure
  3370 | D:4      | Killed Menkaure
  3370 | D:4      | Reached XP level 8. HP: 60/61 MP: 8/8
  3452 | D:4      | Found a deep blue altar of Sif Muna.
  3491 | D:5      | Entered Level 5 of the Dungeon
  3574 | D:5      | Found Ikideant's Gadget Shoppe.
  3638 | D:5      | Reached skill level 5 in Armour
  3738 | D:5      | Found a runed translucent door.
  3739 | D:5      | Noticed Crazy Yiuf
  3803 | D:5      | Reached skill level 6 in Axes
  3819 | D:5      | You fall through a shaft for 2 floors!
  4425 | D:7      | Found a staircase to the Ecumenical Temple.
  4430 | Temple   | Entered the Ecumenical Temple
  4553 | D:7      | Found a hide-covered altar of Uskayaw.
  5021 | D:7      | Got a ripped robe
  5032 | D:7      | Reached skill level 5 in Fighting
  5032 | D:7      | Reached XP level 9. HP: 67/68 MP: 9/9
  5043 | D:7      | Identified the cursed +0 robe of Nuvvireo {+Inv rN++ Dex+2}
                  | (You found it on level 7 of the Dungeon)
  5072 | D:6      | Found a sand-covered staircase.
  5081 | Ossuary  | Entered an ossuary
  5230 | Ossuary  | Reached skill level 7 in Axes
  5824 | D:5      | Found a glowing golden altar of the Shining One.
  5853 | D:5      | Learned a level 1 spell: Magic Dart
  6226 | D:5      | Killed Crazy Yiuf
  6440 | D:6      | Reached skill level 8 in Axes
  6578 | D:6      | Noticed Duvessa
  6583 | D:6      | Found Puinim's Antique Armour Boutique.
  6583 | D:6      | Noticed Dowan
  6878 | D:6      | Found Eginwung's Book Shop.
  6953 | D:6      | Found Itwot's Antique Armour Emporium.
  7102 | D:6      | Found a burning altar of Makhleb.
  7169 | D:6      | Reached XP level 10. HP: 76/76 MP: 10/10
  7221 | D:6      | Found an ornate altar of the Wu Jian Council.
  7221 | D:6      | Found a radiant altar of Vehumet.
  7288 | D:6      | Killed Dowan
  7353 | D:6      | Killed Duvessa
  7548 | D:6      | Found Gimolist's Magic Scroll Shop.
  7556 | D:6      | Bought a scroll of remove curse for 33 gold pieces
  7567 | D:6      | Bought a scroll of remove curse for 33 gold pieces
  7572 | D:6      | Found Doifuzun's General Store.
  7580 | D:6      | Bought a scroll of identify for 22 gold pieces
  7580 | D:6      | Bought a scroll of identify for 22 gold pieces
  7649 | D:6      | Bought an encrusted leather armour for 168 gold pieces
  7659 | D:6      | Identified the +2 leather armour "Ygux" {Dex+3} (You bought
                  | it in a shop on level 6 of the Dungeon)
  8816 | D:8      | Noticed Erica
  8824 | D:8      | Noticed Prince Ribbit
  8849 | D:8      | Killed Erica
  8849 | D:8      | Reached skill level 9 in Axes
  8862 | D:8      | Slain by Prince Ribbit

Skill      XL: |  1  2  3  4  5  6  7  8  9 10 |
---------------+-------------------------------+-----
Shields        | 4 5 6 7 8 |  8.9
Axes           | 3 4 5 6 8 9 |  9.1
Dodging        | 1 2 3 4 |  4.5
Fighting       | 4 5 6 |  6.7
Armour         | 4 5 |  5.8
Stealth        | 1 2 3 4 |  4.4

Action                   |  1- 3 |  4- 6 |  7- 9 | 10-12 || total
-------------------------+-------+-------+-------+-------++-------
Melee: War axe           |    84 |    10 |       |       ||    94
       Hand axe          |       |   145 |   436 |   144 ||   725
Throw: Tomahawk          |       |       |     1 |       ||     1
 Abil: Dig               |       |     1 |     1 |     1 ||     3
       Shaft Self        |       |       |     1 |       ||     1
Evoke: Wand              |       |       |     1 |       ||     1
  Use: Scroll            |       |       |    20 |     2 ||    22
       Potion            |       |       |     1 |     1 ||     2
 Stab: Paralysed         |       |       |     3 |       ||     3
       Sleeping          |       |       |     9 |     4 ||    13
  Eat: Chunk             |     1 |     7 |    10 |     3 ||    21
       Ration            |       |       |     1 |     1 ||     2
Armor: Scale mail        |    33 |    63 |    37 |       ||   133
       Robe              |       |       |    34 |     2 ||    36
       Leather armour    |       |       |       |    10 ||    10
Dodge: Dodged            |    33 |    39 |   129 |    47 ||   248
Block: Shield            |    43 |    85 |   170 |    79 ||   377
